 Dungeon Crawl Stone Soup version 0.18.1-5-g4a78601 (webtiles) character file.

6694 PossumBlood the Cleaver (level 11, -2/89 HPs)
             Began as a Formicid Fighter on May 14, 2016.
             Was a Priest of Okawaru.
             Slain by a hippogriff (5 damage)
             ... on level 11 of the Dungeon.
             The game lasted 00:26:45 (10183 turns).

PossumBlood the Cleaver (Formicid Fighter)         Turns: 10183, Time: 00:26:45

Health: -2/89      AC: 20    Str: 24    XL:     11   Next: 23%
Magic:  20/20      EV:  5    Int: 11    God:    Okawaru [***...]
Gold:   230        SH:  9    Dex: 10    Spells: 0 memorised, 10 levels left

rFire  + . .     SeeInvis +     F - -3 hand axe (curse)
rCold  + . .     Gourm    .     f - +0 plate armour
rNeg   . . .     Faith    .     c - +0 shield
rPois  +         Spirit   .     (helmet unavailable)
rElec  +         Dismiss  .     g - +2 cloak
rCorr  +         Reflect  .     w - +0 pair of gloves
SustAt .         Harm     .     h - +0 pair of boots
MR     +....                    d - amulet of inaccuracy
Stlth  ..........               E - ring "Kacyr" {-Tele MP+9 Int+3 SInv}
                                k - ring of wizardry

@: resistant, somewhat resistant to hostile enchantments, extremely unstealthy
A: permanent stasis, dig shafts and tunnels, four strong arms, antennae 3
a: Dig, Shaft Self, Heroism, Renounce Religion


You were on level 11 of the Dungeon.
You worshipped Okawaru.
Okawaru was most pleased with you.
You were not hungry.

You visited 2 branches of the dungeon, and saw 11 of its levels.

You collected 387 gold pieces.
You spent 157 gold pieces at shops.

Inventory:

Hand Weapons
 b - a +3 long sword
 A - a +3 hand axe of freezing
 C - a +2 great sword of freezing
 F - a cursed -3 hand axe (weapon)
Missiles
 y - 13 tomahawks (quivered)
 D - 2 poisoned javelins
Armour
 c - a +0 shield (worn)
 f - a +0 plate armour (worn)
 g - a +2 cloak (worn)
 h - a +0 pair of boots (worn)
 t - the +0 chain mail of Hopscotch {MR+}
   (You found it on level 5 of the Dungeon)

   It affects your resistance to hostile enchantments.
 w - a +0 pair of gloves (worn)
Jewellery
 d - an amulet of inaccuracy (around neck)
 e - a +4 amulet of reflection
 k - a ring of wizardry (left hand)
 p - an uncursed amulet of magic regeneration
 E - the ring "Kacyr" (right hand) {-Tele MP+9 Int+3 SInv}
   (You found it on level 9 of the Dungeon)

   [ring of magical power]

   It affects your intelligence (+3).
   It affects your magic capacity (+9).
   It lets you see invisible.
   It prevents most forms of teleportation.
Scrolls
 n - a scroll of recharging
 G - a scroll of enchant armour
Potions
 i - 2 potions of flight
 j - 2 potions of mutation
Books
 m - a book of the Dragon

   Spells                             Type                      Level
   a - Flame Tongue                   Conjuration/Fire             1
   b - Cause Fear                     Hexes                        4
   c - Bolt of Fire                   Conjuration/Fire             6
   d - Dragon Form                    Transmutation                7
   e - Dragon's Call                  Summoning                    9
 o - a book of the Sky

   Spells                             Type                      Level
   a - Summon Lightning Spire         Summoning/Air                4
   b - Airstrike                      Air                          4
   c - Silence                        Hexes/Air                    5
   d - Deflect Missiles               Charms/Air                   6
   e - Conjure Ball Lightning         Conjuration/Air              6
   f - Tornado                        Air                          9
Miscellaneous
 u - a lamp of fire
Comestibles
 a - 3 beef jerkies
 l - 7 bread rations
 q - 3 meat rations
 r - 8 slices of pizza


   Skills:
 - Level 9.0 Fighting
 * Level 12.6 Axes
 + Level 8.5 Armour
 - Level 3.6 Shields


You had 10 spell levels left.
You didn't know any spells.

Dungeon Overview and Level Annotations

Branches:
Dungeon (9/15)             Temple (1/1) D:4            Lair (0/8) D:9
    Orc (0/2) D:9

Altars:
Ashenzari
Cheibriados
Dithmenos
Elyvilon
Fedhas
Gozag
Kikubaaqudgha
Makhleb
Nemelex Xobeh
Okawaru
Pakellas
Qazlal
Ru
Sif Muna
Trog
Vehumet
Xom
Yredelemnul
Zin
The Shining One

Shops:
D:9 ?


Innate Abilities, Weirdness & Mutations

You are under a permanent stasis effect.
You can dig through walls and to a lower floor.
Your four strong arms can wield two-handed weapons with a shield.
You have a pair of large antennae on your head (SInv).


Message History

* * * LOW HITPOINT WARNING * * *
Your shield prevents you from hitting the hippogriff.
The hippogriff is heavily wounded.
You hit the giant frog but do no damage.
The giant frog is severely wounded.
You hit the necrophage.
The necrophage is lightly damaged.
The giant frog hits you.
* * * LOW HITPOINT WARNING * * *
The hippogriff closely misses you. You block the hippogriff's attack.
The hippogriff claws you but does no damage.
The necrophage hits you but does no damage.
Drink which item? (? for menu, Esc to quit)
You can't drink that!
Drink which item? (? for menu, Esc to quit)
You feel protected.
The giant frog hits you but does no damage.
The hippogriff bites you but does no damage.
The hippogriff pecks you.
You die...

.......#
......#####
.........###
.###...........
...............
...............
........n......
....W..@F......
.......(H......
.......(.......
............###
##..........#
#####......#
########


You could see a hippogriff, a phantom, a necrophage and a giant frog.

Vanquished Creatures
  A troll (D:9)
  A two-headed ogre (D:9)
  Grinder (D:4)
  A yak (D:9)
  A human (D:9)
  A hippogriff (D:7)
  Menkaure (D:4)
  Edmund (D:4)
  4 sky beasts
  2 ice beasts
  3 phantoms
  4 centaurs
  5 ogres
  8 big kobolds (D:8)
  8 giant frogs
  19 killer bees
  10 wights (D:7)
  9 howler monkeys
  5 crimson imps
  3 giant frog zombies
  2 jellies (D:8)
  2 orc priests (D:7)
  6 hounds
  2 iguanas
  3 orc wizards
  2 worker ants
  3 sheep (D:9)
  A killer bee zombie (D:7)
  4 hound skeletons
  A howler monkey zombie (D:5)
  Robin (D:4)
  2 gnolls (D:6)
  11 adders
  A shadow imp (D:7)
  An ooze (D:4)
  An adder zombie (D:8)
  An adder skeleton (D:8)
  4 worms
  3 dart slugs
  7 giant geckos
  23 orcs
  3 ball pythons
  9 giant cockroaches
  16 goblins
  11 hobgoblins
  6 jackals
  5 quokkas
  3 bats
  4 giant newts
  A jackal skeleton (D:5)
  26 kobolds
  A quokka skeleton (D:5)
  5 rats
259 creatures vanquished.

Vanquished Creatures (others)
  A plant (D:9)
1 creature vanquished.

Grand Total: 260 creatures vanquished

Notes
Turn   | Place    | Note
--------------------------------------------------------------
     0 | D:1      | PossumBlood the Formicid Fighter began the quest for the Orb.
     0 | D:1      | Reached XP level 1. HP: 18/18 MP: 1/1
   155 | D:1      | Reached XP level 2. HP: 25/25 MP: 2/2
   624 | D:2      | Reached XP level 3. HP: 21/31 MP: 3/3
   968 | D:2      | Found a shimmering altar of Xom.
  1107 | D:2      | Reached skill level 5 in Fighting
  1109 | D:2      | Reached XP level 4. HP: 11/39 MP: 4/4
  1757 | D:2      | Found a sparkling altar of Nemelex Xobeh.
  1758 | D:2      | Found an opulent altar of Gozag.
  2195 | D:3      | Reached XP level 5. HP: 37/46 MP: 5/5
  2667 | D:3      | Found a bloodstained altar of Trog.
  3182 | D:4      | Noticed Menkaure
  3192 | D:4      | Killed Menkaure
  3192 | D:4      | Reached skill level 3 in Axes
  3192 | D:4      | Reached XP level 6. HP: 26/55 MP: 6/6
  3402 | D:4      | Noticed Edmund
  3436 | D:4      | Killed Edmund
  3436 | D:4      | Reached skill level 4 in Axes
  3436 | D:4      | Reached XP level 7. HP: 39/60 MP: 7/7
  3549 | D:4      | Noticed Robin
  3599 | D:4      | Killed Robin
  3706 | D:4      | Found a glowing drain.
  3766 | D:4      | Found a staircase to the Ecumenical Temple.
  3775 | Temple   | Entered the Ecumenical Temple
  3910 | D:4      | Noticed Grinder
  3921 | D:4      | Reached skill level 5 in Axes
  3961 | D:4      | Killed Grinder
  3961 | D:4      | Reached XP level 8. HP: 68/68 MP: 8/8
  4114 | D:5      | Entered Level 5 of the Dungeon
  4187 | D:5      | Reached skill level 6 in Axes
  4532 | D:5      | Reached skill level 7 in Axes
  4838 | D:5      | Found a burning altar of Makhleb.
  4841 | D:5      | Found a radiant altar of Vehumet.
  4847 | D:5      | Found a sacrificial altar of Ru.
  4948 | D:5      | Got a scorched chain mail
  4959 | D:5      | Identified the cursed +0 chain mail of Hopscotch {MR+} (You found it on level 5 of the Dungeon)
  5198 | D:6      | Reached XP level 9. HP: 75/75 MP: 9/9
  5224 | D:6      | Reached skill level 8 in Axes
  5433 | D:6      | Found an iron altar of Okawaru.
  5451 | D:6      | Became a worshipper of Warmaster Okawaru
  6064 | D:7      | Reached skill level 9 in Axes
  6259 | D:7      | Reached * piety under Okawaru
  6489 | D:7      | Reached skill level 5 in Armour
  6844 | D:7      | Reached skill level 10 in Axes
  6844 | D:7      | Reached XP level 10. HP: 81/83 MP: 10/10
  7168 | D:7      | Reached ** piety under Okawaru
  8011 | D:8      | Reached skill level 11 in Axes
  8365 | D:8      | Reached *** piety under Okawaru
  9261 | D:9      | Found a bloodstained altar of Trog.
  9409 | D:9      | Reached XP level 11. HP: 89/89 MP: 11/11
  9451 | D:9      | Found a staircase to the Lair.
  9459 | D:9      | Got a steaming copper ring
  9488 | D:9      | Reached skill level 12 in Axes
  9498 | D:9      | Found Liuts's Magic Scroll Emporium.
  9547 | D:9      | Bought a scroll of remove curse for 45 gold pieces
  9547 | D:9      | Bought a scroll of enchant armour for 112 gold pieces
  9582 | D:9      | Identified the ring "Kacyr" {-Tele MP+9 Int+3 SInv} (You found it on level 9 of the Dungeon)
  9612 | D:9      | Found a staircase to the Orcish Mines.
 10151 | D:9      | You fall through a shaft for 2 floors!
 10181 | D:11     | HP: 3/89 [giant frog (4)]
 10183 | D:11     | Slain by a hippogriff

Skill      XL: |  1  2  3  4  5  6  7  8  9 10 11 |
---------------+----------------------------------+-----
Fighting       | 4 5 7 8 9 |  9.0
Axes           | 3 4 5 7 10 11 12 | 12.6
Armour         | 5 7 8 |  8.5
Shields        | |  3.6

Action                   |  1- 3 |  4- 6 |  7- 9 | 10-12 || total
-------------------------+-------+-------+-------+-------++-------
Melee: War axe           |    99 |   209 |   264 |       ||   572
       Hand axe          |       |       |    98 |   534 ||   632
Invok: Heroism           |       |       |       |     3 ||     3
 Abil: Shaft Self        |       |       |       |     1 ||     1
  Use: Scroll            |       |     9 |     2 |     5 ||    16
       Potion            |       |     4 |       |    11 ||    15
  Eat: Bread ration      |     1 |     1 |     1 |     1 ||     4
       Meat ration       |       |       |     1 |     1 ||     2
       Fruit             |       |       |     5 |       ||     5
Armor: Scale mail        |    30 |    72 |     6 |       ||   108
       Plate armour      |       |       |    63 |   150 ||   213
       Chain mail        |       |       |    74 |   123 ||   197
       Skin              |       |       |       |    17 ||    17
Dodge: Dodged            |    26 |    56 |    42 |   140 ||   264
Block: Shield            |    83 |   169 |   245 |   314 ||   811
       Reflection        |     2 |    11 |    12 |     4 ||    29
